AoeStats
← hightower_208

Arena

508415426Analyzed
2v2 RM · 10d ago on Sep 22, 2026· 63m 41s· 4 players
Game mode
Random Map
Map size
Medium (4 player)
Population
200
Speed
Normal
Resources
Standard
Victory
Conquest
Starting age
Dark Age
Ending age
Imperial Age
RankedLock teamsTeams togetherTeam positionsShared explorationLock speedFull tech treeHidden civsTurbo modeCheats
Victory
Defeat
🇩🇪 Lithuanians · Germany
1694
+12
🇩🇪 Sicilians · Germany
1663
+13
🇩🇪 Burmese · Germany
1639
-14
🇩🇪 Bulgarians · Germany
1573
-11
Eiseob
10:19 Feudal Age
14:02 Castle Age
12:25 Double-Bit Axe
12:35 Horse Collar
21:02 Loom
21:52 Wheelbarrow
21:33 Bow Saw
21:54 Heavy Plow
21:52 Gold Mining
26:58 Imperial Age
24:29 Gambesons
24:45 Squires
25:54 Scale Mail Armor
26:04 Forging
27:41 Chain Mail Armor
27:19 Capped Ram
29:13 Plate Mail Armor
29:19 Iron Casting
28:56 Siege Ram
30:12 Hand Cart
32:25 Stirrups
32:50 Conscription
36:13 Blast Furnace
36:33 Elite Konnik
36:42 Light Cavalry
37:34 Bloodlines
37:32 Scale Barding Armor
37:52 Husbandry
37:55 Hussar
40:23 Chain Barding Armor
39:53 Fletching
42:43 Plate Barding Armor
42:04 Bodkin Arrow
44:26 Ballistics
45:06 Chemistry
44:17 Masonry
44:14 Siege Engineers
54:14 Caravan
62:01 Town Watch
Mario
4:29 Loom
11:12 Feudal Age
12:26 Horse Collar
14:50 Castle Age
15:43 Heavy Plow
23:36 Wheelbarrow
25:07 Loom
28:16 Imperial Age
26:04 Gold Mining
26:05 Stone Mining
27:38 Padded Archer Armor
28:32 Fletching
29:06 Bodkin Arrow
30:39 Conscription
30:41 Masonry
31:33 Bracer
31:54 Ballistics
32:35 Chemistry
33:46 Scale Barding Armor
34:36 Gold Shaft Mining
34:40 Husbandry
35:42 Siege Engineers
36:08 Architecture
36:53 Heavy Scorpion
39:49 Elite Arambai
42:48 Elite Arambai
44:34 Coinage
45:49 Hand Cart
45:20 Town Watch
45:50 Forging
45:54 Bloodlines
45:05 Light Cavalry
47:43 Chain Barding Armor
47:58 Iron Casting
49:10 Caravan
52:52 Crop Rotation
53:09 Plate Barding Armor
55:00 Blast Furnace
54:49 Elite Skirmisher
56:54 Treadmill Crane
61:09 Pikeman
61:49 Squires
61:51 Scale Mail Armor
63:03 Chain Mail Armor
Mjoelnir
9:43 Feudal Age
13:16 Castle Age
12:07 Double-Bit Axe
13:48 Horse Collar
17:58 Loom
23:42 Wheelbarrow
23:15 Stone Mining
28:10 Imperial Age
26:18 Scale Mail Armor
27:26 Chain Mail Armor
27:42 Bow Saw
27:36 Heavy Plow
28:47 Masonry
28:45 Squires
30:01 First Crusade
30:49 Plate Mail Armor
31:25 Conscription
32:50 Forging
32:42 Elite Serjeant
33:59 Hoardings
35:12 Iron Casting
36:51 Crop Rotation
36:12 Gold Mining
36:31 Pikeman
38:13 Blast Furnace
38:04 Arson
38:39 Caravan
39:18 Siege Engineers
40:12 Onager
41:31 Halberdier
46:40 Ballistics
47:20 Chemistry
50:49 Coinage
52:37 Siege Onager
54:01 Fletching
55:29 Bodkin Arrow
55:40 Capped Ram
57:39 Bracer
57:41 Padded Archer Armor
57:32 Siege Ram
61:06 Banking
hightower_208
10:47 Feudal Age
14:25 Castle Age
12:17 Double-Bit Axe
12:45 Horse Collar
16:11 Bow Saw
20:45 Wheelbarrow
22:23 Hand Cart
24:23 Gold Mining
27:28 Imperial Age
25:12 Fletching
25:23 Loom
27:07 Heavy Plow
27:27 Bodkin Arrow
28:13 Bracer
28:39 Padded Archer Armor
29:03 Ballistics
30:34 Leather Archer Armor
30:33 Bloodlines
32:10 Chemistry
32:27 Conscription
32:10 Heavy Cavalry Archer
32:56 Thumb Ring
35:34 Ring Archer Armor
37:40 Light Cavalry
38:19 Winged Hussar
39:20 Husbandry
40:10 Scale Barding Armor
42:55 Chain Barding Armor
44:17 Plate Barding Armor
43:53 Forging
47:11 Caravan
48:49 Iron Casting
49:31 Two-Man Saw
49:32 Masonry
51:17 Fortified Wall
55:15 Cavalier
57:03 Paladin
Connection lost

Rejoining the realm…

Still unreachable

The connection could not be restored.

Session expired

The server has moved on; the page needs a fresh start.